 Dungeon Crawl Stone Soup version 0.29.1-15-g9cfb28693d (webtiles) character file.

Game seed: 7568979898846907582

103 Sanktem7 the Covered (level 4, 0/40 HPs)
             Began as a Minotaur Fighter on Mar 13, 2023.
             Slain by Grinder (6 damage)
             ... on level 3 of the Dungeon.
             The game lasted 00:02:07 (1538 turns).

Sanktem7 the Covered (Minotaur Fighter)             Turns: 1538, Time: 00:02:07

Health: 0/40       AC: 10    Str: 28    XL:     4   Next: 51%
Magic:  3/3        EV:  8    Int:  5    God:
Gold:   85         SH:  4    Dex: 10    Spells: 3/3 levels left

rFire   . . .      SeeInvis .   a - +0 war axe {axe}
rCold   . . .      Faith    .   c - +0 buckler
rNeg    . . .      Spirit   .   l - +0 chain mail
rPois   .          Reflect  .   (helmet restricted)
rElec   .          Harm     .   j - +0 cloak
rCorr   .          Rampage  .   (no gloves)
Will    .....                   (no boots)
Stlth   ..........              (no amulet)
HPRegen 0.13/turn               o - +6 ring of strength
MPRegen 0.08/turn               (no ring)

@: no status effects
A: horns 2, retaliatory headbutt
a: no special abilities


You were on level 3 of the Dungeon.
You visited 1 branch of the dungeon, and saw 3 of its levels.

You collected 85 gold pieces.


Innate Abilities, Weirdness & Mutations

You have a pair of horns on your head.
You reflexively headbutt those who attack you in melee.


   Skills:
 + Level 4.3 Fighting
 * Level 4.1 Axes
 + Level 4.3 Armour
 + Level 4.3 Shields


You had 3 spell levels left.
You didn't know any spells.
Your spell library contained the following spells:

 Spells                   Type           Power      Damage    Failure   Level
 Conjure Flame            Conj/Fire      0%         6-21      100%        3
 Ignite Poison            Fire/Tmut/Pois 0%         N/A       100%        3
 Ozocubu's Armour         Ice            0%         N/A       100%        3
 Sticky Flame             Conj/Fire      0%         2d3       100%        4
 Ozocubu's Refrigeration  Ice            0%         4d7       100%        7

Inventory:

Hand Weapons
 a - a +0 war axe (weapon) {axe}
Missiles
 b - a throwing net {=f!fthrowing}
 h - 20 stones (quivered) {throwing}
 k - 3 poisoned darts {throwing}
Armour
 c - a +0 buckler (worn)
 j - a +0 cloak (worn)
   (You found it on level 1 of the Dungeon)
 l - a +0 chain mail (worn)
   (You found it on level 1 of the Dungeon)
Jewellery
 o - a +6 ring of strength (left hand)
   (You found it on level 2 of the Dungeon)
Scrolls
 f - 2 scrolls of identify {unknown}
 i - a scroll of fog {unknown}
 m - 3 scrolls of poison {unknown}
 n - a scroll of brand weapon {unknown}
Potions
 d - a potion of might
 e - a potion of degeneration {unknown}
 g - 2 potions of heal wounds {unknown}

Dungeon Overview and Level Annotations

Branches:
Dungeon (3/15) Zot: 16415

Altars:

Annotations:
D:3 Grinder

#.## ##...###########
##.###.#..##..†.....#
##...##.....######.#
#.#.##.##### #.#.##.#
#......# ###.#### .
####.####....
#....@.......
#.#..#5#...?. #
#..#g# #.# #..#..
#.##.#> .. .#.# ##.
.. # #. .#


You could see Grinder and a hobgoblin.


Message History

😕 HP[-7] MP[-2]
You take 7 damage, and now have 26/33 hp.
MASSIVE DAMAGE!! (PAUSE)
You lost 2 mp, and now have 0/2 mp.
You hit Crazy Yiuf but do no damage.
Crazy Yiuf hits you but does no damage. 😕 HP[+1]
You hit Crazy Yiuf. Crazy Yiuf barely misses you. You furiously retaliate!
You headbutt Crazy Yiuf, but do no damage.
Crazy Yiuf barely misses you.
You closely miss Crazy Yiuf.
Crazy Yiuf hits you with a +4 quarterstaff of chaos! 😮 HP[-9]
You take 9 damage, and now have 18/33 hp.
MASSIVE DAMAGE!! (PAUSE)
You slash Crazy Yiuf!
You kill Crazy Yiuf!
Your Axes skill increases to level 4!
You have reached level 4!
You feel agile. 😮 HP[+4]
You now have 40 max hp (+7).
You regained 4 hp, and now have 22/40 hp.
p - a +4 quarterstaff of chaos {staff}
There is an open translucent door, spattered with blood here.
You see here a +0 cloak.
You drop a +4 quarterstaff of chaos {staff}.
Done exploring. 😎 HP[+18] MP[+3]
Your hp is fully restored (40).
Your mp is fully restored (3).
Done exploring.
There is an open translucent door, spattered with blood here.
Things that are here:
a +4 quarterstaff of chaos {staff}; a +0 cloak
There is a stone staircase leading down here.
You climb downwards.
There is a stone staircase leading up here.
There is a stone staircase leading up here.
An adder comes into view.
The adder hisses angrily.
An adder is nearby!
You hit the adder. Your headbutt misses the adder.
The adder bites you but does no damage. You block the adder's attack.
You slash the adder!
You kill the adder!
No target in view!
No target in view!
No target in view!
No target in view!
Found a stone staircase leading down.
A bat comes into view.
A kobold comes into view. It is wielding a +0 dagger.
The kobold shouts!
You hear a shout!
Grinder comes into view.
A hobgoblin comes into view.
The bat closely misses you.
You slash the bat!
You kill the bat!
You closely miss the kobold. You block the kobold's attack.
You slash the kobold!
You kill the kobold!
You barely miss Grinder. Grinder closely misses you.
Grinder completely misses you.
You closely miss Grinder. You headbutt Grinder. Grinder gestures at you.
Pain shoots through your body! 😕 HP[-1]
You take 1 damage, and now have 39/40 hp.
You hit Grinder. You headbutt Grinder. Grinder hits you.
You writhe in agony. 😕 HP[-8]
You take 8 damage, and now have 31/40 hp.
You barely miss Grinder.
Grinder hits you but does no damage. x2 😕 HP[+1]
You slash Grinder! You headbutt Grinder. Grinder hits you.
You writhe in agony. 😮 HP[-7]
You take 7 damage, and now have 25/40 hp.
You are too injured to fight recklessly!
You are too injured to fight recklessly!
You are too injured to fight recklessly!
You are too injured to fight recklessly!
You are too injured to fight recklessly!
You are too injured to fight recklessly!
You are too injured to fight recklessly!
Unknown command.
You barely miss Grinder. Grinder gestures at you.
Pain shoots through your body! Grinder hits you.
* * * LOW HITPOINT WARNING * * *
You writhe in agony.
* * * LOW HITPOINT WARNING * * *
😨 HP[-8]
You take 8 damage, and now have 17/40 hp.
You hit Grinder but do no damage. Grinder hits you but does no damage.
Unknown command.
You hit Grinder. Grinder hits you but does no damage.
You barely miss Grinder. Grinder hits you.
* * * LOW HITPOINT WARNING * * *
You writhe in agony.
* * * LOW HITPOINT WARNING * * *
Grinder hits you.
You die...

Skill      XL: |  1  2  3 |
---------------+----------+-----
Axes           | 3 4 |  4.1
Fighting       | 4 |  4.3
Armour         | 4 |  4.3
Shields        | 4 |  4.3

Action                   |  1- 3 |  4- 6 || total
-------------------------+-------+-------++-------
Melee: War axe           |    87 |    14 ||   101
       Headbutt          |    10 |     3 ||    13
Armor: Chain mail        |    41 |     5 ||    46
       Scale mail        |     3 |       ||     3
Dodge: Dodged            |    37 |     3 ||    40
Block: Buckler           |    17 |     2 ||    19

Levels and vault maps discovered:
D:1:      dpeg_arrival_pond, layout_rooms, chequers_ecumenical_altar_island,
          hangedman_abyss_or_decor_lesser_grid
D:2:      layout_basic, uniq_crazy_yiuf_cottage
D:3:      layout_loops_cross, mainiacjoe_overflow_brackets, uniq_grinder

Notes
Turn   | Place    | Note
-------+----------+-------------------------------------------
     0 | D:1      | Sanktem7 the Minotaur Fighter began the quest for the Orb.
     0 | D:1      | Reached XP level 1. HP: 19/19 MP: 0/0
     0 | D:1      | magus.rc [v1.9.6]
    91 | D:1      | You add the spells Conjure Flame, Ignite Poison and Sticky
                  | Flame to your library.
   181 | D:1      | Found a faded altar of an unknown god.
   390 | D:1      | You add the spells Ozocubu's Armour and Ozocubu's
                  | Refrigeration to your library.
   431 | D:1      | Reached XP level 2. HP: 26/27 MP: 1/1
   599 | D:2      | Reached skill level 3 in Axes
   748 | D:2      | Reached skill level 4 in Fighting
   748 | D:2      | Reached skill level 4 in Armour
   748 | D:2      | Reached skill level 4 in Shields
   748 | D:2      | Reached XP level 3. HP: 28/33 MP: 2/2
  1305 | D:2      | Found a runed translucent door.
  1306 | D:2      | Noticed Crazy Yiuf
  1315 | D:2      | Killed Crazy Yiuf
  1316 | D:2      | Reached skill level 4 in Axes
  1316 | D:2      | Reached XP level 4. HP: 22/40 MP: 0/3
  1526 | D:3      | Noticed Grinder
  1538 | D:3      | HP: 6/40 [Grinder (6)]
  1538 | D:3      | Slain by Grinder

Vanquished Creatures
  Crazy Yiuf (D:2)
  4 adders
  A worm (D:2)
  4 bats
  2 endoplasms
  A giant cockroach (D:1)
  2 goblins (D:2)
  4 hobgoblins
  4 jackals (D:1)
  4 kobolds
  A quokka (D:2)
  2 ball pythons (D:2)
  3 frilled lizards
  2 rats (D:2)
35 creatures vanquished.

Table legend:
 A = Non-vault XP
 B = Vault XP
 C = Vault XP percentage of total XP
 D = Non-vault monster count
 E = Vault monster count
 F = Vault count percentage of total count
                 A         B        C        D         E       F
            +---------+---------+-------+---------+---------+-------
      Total |     106 |      42 |  28.4 |      34 |       1 |   2.9
            +---------+---------+-------+---------+---------+-------
        D:1 |      17 |       0 |   0.0 |       9 |       0 |   0.0
        D:2 |      72 |      42 |  36.8 |      22 |       1 |   4.3
        D:3 |      17 |       0 |   0.0 |       3 |       0 |   0.0
            +---------+---------+-------+---------+---------+-------

Illustrated notes

Table legend:
 A = Kills in this place as a percentage of kills in entire the game.
 B = Kills by you in this place as a percentage of kills by you in the entire game.
 C = Kills by friends in this place as a percentage of kills by friends in the entire game.
 D = Other kills in this place as a percentage of other kills in the entire game.
 E = Experience gained in this place as a percentage of experience gained in the entire game.
 F = Experience gained in this place divided by the number of levels of this place that you have seen.
                   A       B       C       D       E      F
               +-------+-------+-------+-------+-------+----------------------
         Total | 100.0 | 100.0 |   N/A |   N/A | 100.0 |  49.3
       Dungeon | 100.0 | 100.0 |   N/A |   N/A | 100.0 |  49.3
               +-------+-------+-------+-------+-------+----------------------

Table legend: (Time is in decaauts)
 A = Elapsed time spent in this place.
 B = Non-inter-level travel time spent in this place.
 C = Inter-level travel time spent in this place.
 D = Time resting spent in this place.
 E = Time spent auto-exploring this place.
 F = Levels seen in this place.
 G = Mean time per level.
                   A        B        C        D        E       F      G
               +--------+--------+--------+--------+--------+-----+--------+
         Total |   1583 |   1529 |     54 |      0 |   1230 |   3 |  527.7 |
       Dungeon |   1583 |   1529 |     54 |      0 |   1230 |   3 |  527.7 |
               +--------+--------+--------+--------+--------+-----+--------+

Top non-repeatable levels by time:
     D:2: 920 daAuts
     D:1: 608 daAuts
     D:3: 54 daAuts
